AoeStats
← ngannv951

Arena

510275503Analyzed
1v1 RM · 1d ago on Sep 30, 2026· 44m 3s· 2 players
Game mode
Random Map
Map size
Tiny (2 player)
Population
200
Speed
Normal
Resources
Standard
Victory
Conquest
Starting age
Dark Age
Ending age
Imperial Age
RankedLock teamsTeams togetherTeam positionsShared explorationLock speedFull tech treeHidden civsTurbo modeCheats
Victory
Defeat
🇨🇳 Huns · China
650
+38
🇻🇳 Franks · Vietnam
696
-18
S上杉绘梨衣
10:35 Feudal Age
14:36 Castle Age
12:32 Double-Bit Axe
16:48 Horse Collar
21:56 Stone Mining
23:34 Gold Mining
25:17 Wheelbarrow
25:21 Wheelbarrow
26:41 Gold Shaft Mining
29:10 Imperial Age
26:57 Hand Cart
26:42 Light Cavalry
27:37 Forging
27:32 Scale Barding Armor
28:09 Bloodlines
28:01 Husbandry
28:23 Bow Saw
28:23 Heavy Plow
30:09 Iron Casting
29:55 Chain Barding Armor
29:22 Cavalier
31:51 Two-Man Saw
31:26 Paladin
31:29 Hussar
34:17 Blast Furnace
35:17 Plate Barding Armor
39:27 Conscription
40:13 Capped Ram
40:34 Pikeman
41:04 Siege Ram
ngannv951
10:07 Feudal Age
11:17 Double-Bit Axe
17:35 Castle Age
18:43 Bow Saw
20:56 Wheelbarrow
31:15 Imperial Age
28:59 Gold Mining
29:25 Fletching
30:29 Squires
31:47 Gold Shaft Mining
30:45 Pikeman
31:40 Scale Mail Armor
32:08 Husbandry
36:00 Halberdier
38:43 Conscription
38:54 Hand Cart
38:51 Gambesons
39:11 Padded Archer Armor
39:20 Scale Barding Armor
Connection lost

Rejoining the realm…

Still unreachable

The connection could not be restored.

Session expired

The server has moved on; the page needs a fresh start.